 Dungeon Sprint DCSS version 0.17-a0-1691-g18a3847 (webtiles) character file.

76128 Kidiri the Imperceptible (level 14, -2/59 HPs)
             Began as a Spriggan Enchanter on Aug 20, 2015.
             Was the Champion of Dithmenos.
             Slain by an azure jelly (5 damage)
             ... in the Dungeon (Sprint III: "The Ten Rune Challenge").
             The game lasted 00:41:13 (11390 turns).

Kidiri the Imperceptible (Spriggan Enchanter)      Turns: 11390, Time: 00:41:14

Health: -2/59      AC:  7    Str:  4    XL:     14   Next: 66%
Magic:  31/42      EV: 38    Int: 19    God:    Dithmenos [******]
Gold:   1512       SH:  0    Dex: 19    Spells: 13 memorised, 2 levels left

rFire  + . .     SeeInvis +     x - +12 rapier "Ivil" {pierce, rF+}
rCold  . . .     Clarity  .     C - +2 robe {rPois}
rNeg   . . .     SustAt   +     (shield restricted)
rPois  +         Gourm    .     t - +1 hat
rElec  +         Spirit   .     (no cloak)
rCorr  .         Warding  .     (gloves unavailable)
rMut   .         NoTele   +     (boots unavailable)
MR     ++...                    (no amulet)
Stlth  ++++++++++               M - ring of sustain attributes
                                (no ring)

@: wreathed by umbra, very quick, very resistant to hostile enchantments,
uncannily stealthy
A: unfitting armour, yellow scales 1, see invisible, deterioration 1, herbivore
3, speed 3, high mp 1, electricity resistance, slow metabolism 2, MP-powered
wands
a: Shadow Step, Shadow Form, Renounce Religion
}: 1/10 runes: barnacled


You were in the Dungeon.
You worshipped Dithmenos.
Dithmenos was exalted by your worship.
You were completely stuffed.

You visited 1 branch You collected 1677 gold pieces.
You spent 165 gold pieces at shops.

Inventory:

Hand weapons
 x - the +12 rapier "Ivil" (weapon) {pierce, rF+}
   (You found it in the Dungeon)

   It inflicts extra damage upon your enemies.
   It protects you from fire.
Missiles
 r - 10 throwing nets (quivered)
Armour
 t - a +1 hat (worn)
 C - a +2 robe of poison resistance (worn)
Jewellery
 F - the ring of the Messenger {Ice SInv}
   (You found it in the Dungeon)

   [ring of ice]

   It enhances your ice magic, and weakens your fire magic.
   It makes you vulnerable to fire.
   It protects you from cold.
   It lets you see invisible.
 M - a ring of sustain attributes (right hand)
Magical devices
 m - a wand of confusion (29)
 G - a wand of invisibility (5)
Scrolls
 b - 2 scrolls of acquirement
 d - 3 scrolls of torment
 j - a scroll of blinking
 n - a scroll of fog
 y - 2 scrolls of amnesia
 A - 2 scrolls of silence
Potions
 a - a potion of degeneration {unknown}
 e - a potion of curing
 f - 3 potions of heal wounds
 g - a potion of haste
 h - 2 potions of magic
 i - a potion of berserk rage
 k - a potion of agility
 l - a potion of might
 p - 4 potions of cure mutation
 q - a potion of flight
Books
 w - an Akashic Record

   Spells                             Type                      Level
   a - Dispersal                      Translocation                6
   b - Controlled Blink               Translocation                7
   c - Malign Gateway                 Summoning/Translocation      7
   d - Disjunction                    Translocation                8
Comestibles
 c - 25 royal jellies
 v - a bread ration


   Skills:
 + Level 13.4 Short Blades
 * Level 22.6 Dodging
 * Level 24.2 Stealth
 * Level 19.5 Spellcasting
 + Level 9.6 Conjurations
 + Level 14.7 Hexes
 + Level 12.5 Charms
 + Level 10.0 Summonings
 + Level 15.3 Translocations
 + Level 10.5 Ice Magic
 - Level 2.9 Invocations


You had 2 spell levels left.
You knew the following spells:

 Your Spells              Type           Power        Failure   Level  Hunger
a - Corona                Hex            ######.      0%          1    None
b - Ensorcelled Hibernat  Hex/Ice        ######       1%          2    None
c - Confuse               Hex            ######..     1%          3    None
d - Tukima's Dance        Hex            ######..     1%          3    None
e - Dazzling Spray        Conj/Hex       ######..     1%          3    None
f - Gell's Gravitas       Hex/Tloc       ######....   1%          3    None
g - Recall                Summ/Tloc      N/A          1%          3    None
h - Force Lance           Conj/Tloc      ######..     1%          4    None
i - Phase Shift           Tloc           ######....   1%          5    ##.....
j - Summon Forest         Summ/Tloc      ######....   1%          5    ##.....
k - Warp Weapon           Chrm/Tloc      ######....   1%          5    ##.....
l - Dispersal             Tloc           ######....   1%          6    ####...
m - Controlled Blink      Tloc           N/A          6%          7    ######.


Dungeon Overview and Level Annotations

Branches:
Dungeon (1/1)

Altars:
Cheibriados
Dithmenos
Elyvilon
Fedhas
Gozag
Kikubaaqudgha
Makhleb
Nemelex Xobeh
Okawaru
Qazlal
Ru
Sif Muna
Trog
Vehumet
Xom
Yredelemnul
Zin
The Shining One
Jiyva
Lugonu

Shops:
D (=%!!(}(*?=!%([:}%*


Innate Abilities, Weirdness & Mutations

You are tiny and cannot use many weapons and most armour.
You have supernaturally acute eyesight.
You are a herbivore.
You cover ground extremely quickly.
You need consume almost no food.
You are partially covered in yellow scales (AC +2).
Your body sometimes deteriorates upon taking damage.
You have an increased reservoir of magic (+10% MP).
You are resistant to electric shocks.
You expend magic power (3 MP) to strengthen your wands.


Message History

Aim: an azure jelly (moderately wounded, umbra)
The spray of energy misses the azure jelly.
The spray of energy hits the azure jelly.
The azure jelly is moderately wounded.
The azure jelly barely misses you. The azure jelly closely misses you.
The azure jelly barely misses you. The azure jelly misses you.
Unknown command.
Casting: Dazzling Spray
Confirm with . or Enter, or press ? or * to list all spells.
Aiming: Confuse
Press: ? - help, Shift-Dir - straight line, f/p - azure jelly
Aim: an azure jelly (moderately wounded, umbra, chance to defeat MR: 28%)
The azure jelly easily resists.
The azure jelly closely misses you. The azure jelly hits you!
The azure jelly freezes you!!!
Ouch! That really hurt!
* * * LOW HITPOINT WARNING * * *
You emit a cloud of dark smoke.
The azure jelly hits you.
* * * LOW HITPOINT WARNING * * *
The azure jelly hits you.
You die...

▓...+≈≈§§§§§≈.♣♣.....♣♣♣♣≈≈≈
▓...#.≈§§§§§≈.♣♣.≈≈≈≈'♣♣'♣≈≈
▓...#≈≈≈§§§≈≈≈≈'....:#.≈♣♣♣♣
▓...#≈.§≈§§≈≈≈♣♣♣♣♣♣♣#..♣♣
▓..)#≈≈≈≈≈≈≈≈≈♣ ###+♣♣♣
▓##+####'#######♣ ♣♣♣♣.##.
▓...........[...♣♣ ♣...##.#
▓#+#############'♣ ♣♣.##.##
▓...#≈...JJ@§§...♣ ♣..#.##
▓...'≈≈..J########♣♣ ♣♣.##.#
▓..J#≈≈≈...........♣ ♣♣.##.#
▓...#≈≈≈≈..........♣ ♣.....#
#+#############+############
**,****** ▓≈%≈≈≈≈≈≈≈≈≈≈▓
**,*,,,*** ▓≈≈≈≈≈≈≈≈≈≈≈≈▓
**,,,,,,,** ▓≈≈≈..≈≈≈≈≈..▓
**,,,,,,,,,** ▓≈≈.%(.≈≈≈...▓


You could see 3 azure jellies.

Vanquished Creatures
  A lich (D)
  Rupert (D)
  A deep elf master archer (D)
  Polyphemus (D)
  Gastronok (D)
  2 sphinxes (D)
  Dowan (D)
  Ilsuiw (D)
  Maud (D)
  2 deep elf demonologists (D)
  Azrael (D)
  A deep elf annihilator (D)
  2 dire elephants (D)
  A merfolk javelineer (D)
  2 deep elf death magi (D)
  3 mummy priests (D)
  2 yaktaur captains (D)
  A fire dragon (D)
  2 hydras (D)
  Erolcha (D)
  A centaur warrior (D)
  4 dancing weapons (D)
  An anaconda (shapeshifter) (D)
  4 orc high priests (D)
  4 death yaks (D)
  4 hell knights (D)
  An iron golem (D)
  A skeletal warrior (D)
  3 death drakes (D)
  A spriggan druid (D)
  A sea snake (D)
  2 deep elf summoners (D)
  An obsidian statue (D)
  A deep elf conjurer (D)
  A lindwurm (D)
  A giant orange brain (shapeshifter) (D)
  An orc sorcerer (D)
  2 ugly things (D)
  An orc knight (D)
  2 elephants (D)
  A faun (shapeshifter) (D)
  2 black mambas (D)
  Duvessa (D)
  2 spiny frogs (D)
  A yaktaur (D)
  A komodo dragon (D)
  4 deep elf priests (D)
  6 guardian mummies (D)
  3 wandering mushrooms (D)
  A fire drake (D)
  A hellwing (D)
  A queen bee (D)
  4 spriggan defenders (D)
  2 slime creatures (D)
  8 blink frogs (D)
  A snapping turtle (shapeshifter) (D)
  4 redbacks (D)
  A ynoxinul (D)
  A shadow (D)
  2 spriggans (D)
  2 trapdoor spiders (D)
  2 hill giants (D)
  A spatial vortex (D)
  3 orc warriors (D)
  A swamp drake (D)
  A necrophage (D)
  2 swamp dragon skeletons (D)
  3 two-headed ogres (D)
  2 brain worms (D)
  A water elemental (D)
  A scorpion (D)
  32 killer bees (D)
  An electric eel (D)
  A jelly (D)
  2 orc priests (D)
  Jessica (D)
  2 necromancers (D)
  A wizard (D)
  3 sheep (D)
  A kobold demonologist (D)
  3 humans (D)
  An ooze (D)
  5 orcs (D)
  A rat (D)
  7 bushes (D)
  16 plants (D)
208 creatures vanquished.

Vanquished Creatures (collateral kills)
  An orc high priest (D)
  3 orc warriors (D)
  An orc priest (D)
  An orc (D)
6 creatures vanquished.

Vanquished Creatures (others)
  2 draconian scorchers (D)
  A dancing weapon (D)
  3 yaktaurs (D)
  A bush (D)
  13 plants (D)
20 creatures vanquished.

Grand Total: 234 creatures vanquished

Notes
Turn   | Place    | Note
--------------------------------------------------------------
     0 | D        | Kidiri the Spriggan Enchanter began the quest for the Orb.
     0 | D        | Reached XP level 1. HP: 9/9 MP: 5/5
    17 | D        | Reached skill level 5 in Stealth
    23 | D        | Killed a yaktaur
   157 | D        | Killed a white draconian scorcher
   158 | D        | Noticed Jessica
   160 | D        | Killed a white draconian scorcher
   171 | D        | Killed Jessica
   171 | D        | Reached skill level 5 in Dodging
   171 | D        | Reached skill level 6 in Stealth
   171 | D        | Reached XP level 2. HP: 11/13 MP: 5/8
   171 | D        | Reached XP level 3. HP: 13/16 MP: 5/9
   210 | D        | Learned a level 3 spell: Confuse
   214 | D        | Learned a level 3 spell: Tukima's Dance
   217 | D        | Learned a level 2 spell: Ensorcelled Hibernation
   256 | D        | Noticed a scorpion
   259 | D        | Killed a scorpion
   259 | D        | Reached skill level 7 in Stealth
   259 | D        | Reached skill level 5 in Spellcasting
   259 | D        | Reached skill level 1 in Ice Magic
   259 | D        | Reached XP level 4. HP: 21/21 MP: 10/12
   269 | D        | Learned a level 3 spell: Dazzling Spray
   272 | D        | Reached skill level 8 in Stealth
   272 | D        | Reached skill level 5 in Hexes
   301 | D        | Gained mutation: Your body sometimes deteriorates upon taking damage. [potion of mutation]
   301 | D        | Gained mutation: You are resistant to electric shocks. [potion of mutation]
   302 | D        | Gained mutation: You are partially covered in yellow scales (AC +2). [potion of mutation]
   302 | D        | Gained mutation: You have an increased reservoir of magic (+10% MP). [potion of mutation]
   434 | D        | Noticed a water elemental
   437 | D        | Killed a water elemental
   437 | D        | Reached skill level 1 in Conjurations
   437 | D        | Reached XP level 5. HP: 24/24 MP: 14/16
   454 | D        | Noticed a jelly
   455 | D        | Noticed a shadow
   487 | D        | Killed a shadow
   487 | D        | Reached skill level 9 in Dodging
   487 | D        | Reached skill level 10 in Stealth
   487 | D        | Reached XP level 6. HP: 28/28 MP: 0/19
   613 | D        | Killed a jelly
   621 | D        | Found a stormy altar of Qazlal.
   621 | D        | Noticed a spatial vortex
   622 | D        | Found a sacrificial altar of Ru.
   622 | D        | Found a burning altar of Makhleb.
   622 | D        | Found a viscous altar of Jiyva.
   622 | D        | Found a shimmering altar of Xom.
   622 | D        | Found a shadowy altar of Dithmenos.
   622 | D        | Found a sparkling altar of Nemelex Xobeh.
   622 | D        | Found a corrupted altar of Lugonu.
   622 | D        | Found an opulent altar of Gozag.
   626 | D        | Became a worshipper of Dithmenos the Shadowed
   645 | D        | Killed a spatial vortex
   645 | D        | Reached skill level 5 in Short Blades
   645 | D        | Reached skill level 10 in Dodging
   645 | D        | Reached skill level 11 in Stealth
   645 | D        | Reached skill level 1 in Invocations
   846 | D        | Found a radiant altar of Vehumet.
   847 | D        | Found a deep blue altar of Sif Muna.
   847 | D        | Found an ancient bone altar of Kikubaaqudgha.
   847 | D        | Noticed a wizard
   848 | D        | Killed a wizard
   866 | D        | Learned a level 3 spell: Gell's Gravitas
   870 | D        | Learned a level 3 spell: Recall
   923 | D        | Found a glowing silver altar of Zin.
   924 | D        | Found a glowing golden altar of the Shining One.
   924 | D        | Found a white marble altar of Elyvilon.
   924 | D        | Noticed a deep elf priest
   926 | D        | Killed a deep elf priest
   926 | D        | Reached skill level 1 in Summonings
   926 | D        | Reached XP level 7. HP: 32/32 MP: 22/22
   942 | D        | Learned a level 4 spell: Force Lance
   942 | D        | Found an iron altar of Okawaru.
   943 | D        | Found a bloodstained altar of Trog.
   943 | D        | Noticed a human
   943 | D        | Noticed a human
   945 | D        | Killed a human
   945 | D        | Reached skill level 12 in Stealth
   946 | D        | Killed a human
   946 | D        | Acquired Dithmenos's first power
   961 | D        | Found a snail-covered altar of Cheibriados.
   961 | D        | Noticed a necrophage
   962 | D        | Found a basalt altar of Yredelemnul.
   962 | D        | Found a blossoming altar of Fedhas.
   962 | D        | Noticed a necromancer
   963 | D        | Killed a necrophage
   963 | D        | Reached XP level 8. HP: 36/36 MP: 24/24
   966 | D        | Killed a necromancer
  1009 | D        | Noticed a two-headed ogre
  1009 | D        | Noticed a two-headed ogre
  1014 | D        | Killed a two-headed ogre
  1021 | D        | Killed a two-headed ogre
  1021 | D        | Acquired Dithmenos's second power
  1034 | D        | Noticed a two-headed ogre
  1039 | D        | Killed a two-headed ogre
  1039 | D        | Reached skill level 10 in Spellcasting
  1228 | D        | Learned a level 5 spell: Phase Shift
  1231 | D        | Noticed a hill giant
  1234 | D        | Killed a hill giant
  1234 | D        | Reached skill level 13 in Stealth
  1302 | D        | Noticed a hill giant
  1302 | D        | Noticed Erolcha
  1304 | D        | Killed Erolcha
  1304 | D        | Acquired Dithmenos's third power
  1304 | D        | Reached skill level 5 in Translocations
  1304 | D        | Reached XP level 9. HP: 39/39 MP: 25/27
  1305 | D        | Killed a hill giant
  1305 | D        | Reached skill level 14 in Stealth
  1319 | D        | Noticed a redback
  1321 | D        | Killed a redback
  1354 | D        | Noticed a trapdoor spider
  1355 | D        | Noticed a trapdoor spider
  1362 | D        | Killed a trapdoor spider
  1362 | D        | Reached skill level 5 in Ice Magic
  1364 | D        | Killed a trapdoor spider
  1634 | D        | Noticed a killer bee
  1634 | D        | Noticed a killer bee
  1634 | D        | Noticed a killer bee
  1634 | D        | Noticed a killer bee
  1634 | D        | Noticed a killer bee
  1634 | D        | Noticed a queen bee
  1634 | D        | Noticed a killer bee
  1634 | D        | Noticed a killer bee
  1634 | D        | Noticed a killer bee
  1634 | D        | Noticed a killer bee
  1634 | D        | Noticed a killer bee
  1634 | D        | Noticed a killer bee
  1634 | D        | Noticed a killer bee
  1634 | D        | Noticed a killer bee
  1634 | D        | Noticed a killer bee
  1635 | D        | Noticed a killer bee
  1635 | D        | Noticed a killer bee
  1635 | D        | Noticed a killer bee
  1635 | D        | Noticed a killer bee
  1635 | D        | Noticed a killer bee
  1635 | D        | Noticed a killer bee
  1635 | D        | Noticed a killer bee
  1635 | D        | Noticed a killer bee
  1635 | D        | Noticed a killer bee
  1635 | D        | Noticed a killer bee
  1635 | D        | Noticed a killer bee
  1635 | D        | Noticed a killer bee
  1635 | D        | Noticed a killer bee
  1635 | D        | Noticed a killer bee
  1635 | D        | Noticed a killer bee
  1635 | D        | Noticed a killer bee
  1635 | D        | Noticed a killer bee
  1635 | D        | Noticed a killer bee
  1636 | D        | Killed a killer bee
  1640 | D        | Killed a killer bee
  1643 | D        | Killed a killer bee
  1646 | D        | Killed a killer bee
  1646 | D        | Acquired Dithmenos's fourth power
  1648 | D        | Killed a killer bee
  1650 | D        | Killed a killer bee
  1654 | D        | Killed a killer bee
  1658 | D        | Killed a killer bee
  1821 | D        | Killed a killer bee
  1823 | D        | Killed a killer bee
  1825 | D        | Killed a killer bee
  1829 | D        | Killed a killer bee
  1834 | D        | Killed a killer bee
  1836 | D        | Killed a killer bee
  1838 | D        | Killed a killer bee
  1838 | D        | Reached skill level 15 in Stealth
  1840 | D        | Killed a killer bee
  2071 | D        | Killed a killer bee
  2072 | D        | Killed a killer bee
  2075 | D        | Killed a killer bee
  2077 | D        | Killed a killer bee
  2079 | D        | Killed a killer bee
  2081 | D        | Killed a killer bee
  2083 | D        | Killed a killer bee
  2085 | D        | Killed a killer bee
  2087 | D        | Killed a killer bee
  2089 | D        | Killed a killer bee
  2091 | D        | Killed a killer bee
  2228 | D        | Killed a killer bee
  2228 | D        | Reached XP level 10. HP: 44/44 MP: 24/29
  2241 | D        | Killed a killer bee
  2243 | D        | Killed a killer bee
  2245 | D        | Killed a killer bee
  2247 | D        | Killed a killer bee
  2254 | D        | Killed a queen bee
  2254 | D        | Reached skill level 5 in Conjurations
  2432 | D        | Noticed a wandering mushroom
  2438 | D        | Killed a wandering mushroom
  2507 | D        | Noticed a wandering mushroom
  2508 | D        | Noticed a wandering mushroom
  2509 | D        | Killed a wandering mushroom
  2509 | D        | Reached skill level 16 in Stealth
  2512 | D        | Killed a wandering mushroom
  2519 | D        | Learned a level 5 spell: Summon Forest
  2529 | D        | Noticed a spiny frog
  2529 | D        | Noticed a komodo dragon
  2529 | D        | Noticed a spiny frog
  2532 | D        | Killed a spiny frog
  2533 | D        | Killed a komodo dragon
  2534 | D        | Killed a spiny frog
  2534 | D        | Reached skill level 10 in Hexes
  2534 | D        | Reached skill level 5 in Summonings
  2641 | D        | Noticed a redback
  2643 | D        | Killed a redback
  2644 | D        | Noticed a brain worm
  2648 | D        | Killed a brain worm
  2648 | D        | Reached skill level 15 in Dodging
  2728 | D        | Killed a yaktaur
  2731 | D        | Noticed a brain worm
  2734 | D        | Killed a brain worm
  2737 | D        | Noticed a lindwurm
  2739 | D        | Noticed a redback
  2740 | D        | Killed a lindwurm
  2742 | D        | Killed a redback
  2746 | D        | Noticed a redback
  2747 | D        | Killed a redback
  2748 | D        | Noticed Maud
  2751 | D        | Killed Maud
  2751 | D        | Reached skill level 17 in Stealth
  2751 | D        | Reached XP level 11. HP: 47/47 MP: 30/32
  2761 | D        | Noticed an electric eel
  2762 | D        | Noticed a four-headed hydra
  2762 | D        | Noticed a six-headed hydra
  2763 | D        | Killed an electric eel
  2765 | D        | Killed a four-headed hydra
  2766 | D        | Killed a six-headed hydra
  2801 | D        | Noticed a death drake
  2806 | D        | Killed a death drake
  2821 | D        | Noticed a death drake
  2823 | D        | Killed a death drake
  2823 | D        | Reached skill level 18 in Stealth
  2824 | D        | Noticed a swamp dragon skeleton
  2826 | D        | Noticed a swamp dragon skeleton
  2826 | D        | Noticed a swamp dragon skeleton
  2826 | D        | Noticed a death drake
  2826 | D        | Found Utag's Distillery.
  2826 | D        | Found Arug's Antique Weapon Shop.
  2826 | D        | Found Gunyqu's Gadget Shoppe.
  2827 | D        | Killed a swamp dragon skeleton
  2830 | D        | Killed a swamp dragon skeleton
  2830 | D        | Reached skill level 10 in Translocations
  2831 | D        | Killed a death drake
  2858 | D        | Found a blossoming altar of Fedhas.
  2858 | D        | Noticed a spriggan
  2858 | D        | Noticed a spriggan druid
  2858 | D        | Noticed a spriggan
  2865 | D        | Killed a spriggan
  2865 | D        | Killed a spriggan
  2865 | D        | Killed a spriggan druid
  3016 | D        | Learned a level 5 spell: Warp Weapon
  3278 | D        | Noticed a swamp drake
  3278 | D        | Noticed a fire drake
  3280 | D        | Killed a fire drake
  3282 | D        | Killed a swamp drake
  3282 | D        | Reached skill level 1 in Charms
  3309 | D        | Noticed a blink frog
  3309 | D        | Noticed a blink frog
  3309 | D        | Noticed a blink frog
  3309 | D        | Noticed a blink frog
  3310 | D        | Noticed a blink frog
  3311 | D        | Killed a blink frog
  3312 | D        | Killed a blink frog
  3313 | D        | Killed a blink frog
  3321 | D        | Killed a blink frog
  3509 | D        | Killed a blink frog
  3509 | D        | Reached skill level 10 in Short Blades
  3534 | D        | Noticed Rupert
  3536 | D        | Killed Rupert
  3536 | D        | Reached skill level 19 in Stealth
  3536 | D        | Reached XP level 12. HP: 51/51 MP: 30/35
  3561 | D        | Noticed a death yak
  3562 | D        | Noticed a death yak
  3562 | D        | Noticed a blink frog
  3566 | D        | Noticed a death yak
  3566 | D        | Noticed a blink frog
  3570 | D        | Noticed a death yak
  3587 | D        | Killed a death yak
  3587 | D        | Reached skill level 15 in Spellcasting
  3596 | D        | Killed a death yak
  3666 | D        | Noticed a black mamba
  3669 | D        | Killed a black mamba
  3684 | D        | Noticed a black mamba
  3686 | D        | Killed a black mamba
  3693 | D        | Killed a blink frog
  3696 | D        | Noticed a blink frog
  4065 | D        | Killed a blink frog
  4068 | D        | Killed a blink frog
  4122 | D        | Noticed an azure jelly
  4122 | D        | Noticed an azure jelly
  4148 | D        | Killed a death yak
  4148 | D        | Reached skill level 5 in Charms
  4413 | D        | Killed a death yak
  4484 | D        | Noticed Polyphemus
  4485 | D        | Noticed Ilsuiw
  4486 | D        | Killed Polyphemus
  4489 | D        | Found Hulu's Antique Weapon Shoppe.
  4489 | D        | Noticed a sea snake
  4498 | D        | Reached skill level 20 in Stealth
  4546 | D        | Killed Ilsuiw
  4551 | D        | Found Qomotot's Jewellery Boutique.
  4551 | D        | Found Opiquiwu's Food Emporium.
  4551 | D        | Noticed a merfolk javelineer
  4553 | D        | Killed a sea snake
  4577 | D        | Killed a merfolk javelineer
  4596 | D        | Got a barnacled rune of Zot
  4755 | D        | Noticed an azure jelly
  4755 | D        | Noticed an azure jelly
  4756 | D        | Noticed an elephant
  4756 | D        | Noticed an elephant
  4756 | D        | Noticed a dire elephant
  4756 | D        | Noticed a dire elephant
  4756 | D        | Noticed Gastronok
  4767 | D        | Killed a dire elephant
  5176 | D        | Killed a dire elephant
  5182 | D        | Killed an elephant
  5190 | D        | Killed an elephant
  5729 | D        | Killed Gastronok
  5729 | D        | Reached XP level 13. HP: 33/55 MP: 9/37
  5860 | D        | Noticed an orc warrior
  5861 | D        | Noticed an orc warrior
  5862 | D        | Noticed an orc warrior
  5862 | D        | Noticed an orc knight
  5862 | D        | Noticed an orc priest
  5862 | D        | Noticed an orc high priest
  5862 | D        | Noticed an orc warrior
  5862 | D        | Noticed an orc priest
  5862 | D        | Noticed an orc warrior
  5862 | D        | Noticed an orc high priest
  5862 | D        | Noticed an orc warrior
  5862 | D        | Noticed an orc sorcerer
  5862 | D        | Found Quke's Distillery.
  5863 | D        | Killed an orc warrior
  5874 | D        | Killed an orc high priest
  5874 | D        | Reached skill level 21 in Stealth
  5888 | D        | Killed an orc high priest
  5890 | D        | Killed an orc sorcerer
  5893 | D        | Killed an orc warrior
  5895 | D        | Killed an orc warrior
  5897 | D        | Killed an orc priest
  5923 | D        | Killed an orc knight
  5949 | D        | Killed an orc warrior
  5957 | D        | Killed an orc warrior
  5973 | D        | Killed an orc priest
  5976 | D        | Killed an orc warrior
  6251 | D        | Noticed Dowan
  6251 | D        | Noticed Duvessa
  6253 | D        | Killed Dowan
  6282 | D        | Killed Duvessa
  6310 | D        | Noticed an orc high priest
  6310 | D        | Noticed an orc priest
  6311 | D        | Noticed an orc high priest
  6311 | D        | Noticed an orc high priest
  6312 | D        | Killed an orc high priest
  6313 | D        | Killed an orc priest
  6315 | D        | Killed an orc high priest
  6316 | D        | Killed an orc high priest
  6342 | D        | Noticed a spriggan defender
  6343 | D        | Noticed a spriggan defender
  6343 | D        | Noticed an obsidian statue
  6345 | D        | Noticed a spriggan defender
  6354 | D        | Killed a spriggan defender
  6369 | D        | Killed a spriggan defender
  6387 | D        | Noticed a spriggan defender
  6391 | D        | Killed a spriggan defender
  6412 | D        | Killed a spriggan defender
  6823 | D        | Noticed a slime creature
  6823 | D        | Noticed a giant orange brain
  6825 | D        | Killed a giant orange brain
  6827 | D        | Killed a slime creature
  6848 | D        | Noticed an anaconda
  6849 | D        | Noticed a fire dragon
  6849 | D        | Noticed a snapping turtle
  6851 | D        | Killed an anaconda
  6854 | D        | Killed a fire dragon
  6855 | D        | Killed a snapping turtle
  6866 | D        | Noticed a centaur warrior
  6870 | D        | Killed a centaur warrior
  6891 | D        | Noticed a faun
  6894 | D        | Killed a faun
  6993 | D        | Noticed a battleaxe of freezing
  6993 | D        | Noticed a mace of crushing
  6993 | D        | Noticed a flail of protection
  6994 | D        | Noticed a short sword of protection
  6995 | D        | Killed a mace of crushing
  6997 | D        | Killed a short sword of protection
  7000 | D        | Killed a flail of protection
  7000 | D        | Reached skill level 22 in Stealth
  7001 | D        | Killed a battleaxe of freezing
  7020 | D        | Got a faintly glowing rapier
  7022 | D        | Identified the +12 rapier "Ivil" {pierce, rF+} (You found it in the Dungeon)
  7090 | D        | Killed an obsidian statue
  7226 | D        | Found Satrabue's Food Emporium.
  7226 | D        | Found Vivvu's Antique Armour Shop.
  7226 | D        | Found Satzaun's Jewellery Boutique.
  7226 | D        | Found Meyraen's Assorted Antiques.
  7226 | D        | Found Dusaret's Distillery.
  7226 | D        | Found Xozum's Antique Weapon Emporium.
  7226 | D        | Found Huokaido's Magic Scroll Shoppe.
  7226 | D        | Found Sarpho's Food Shop.
  7226 | D        | Found Terapp's General Store.
  7226 | D        | Found Delafom's Gadget Emporium.
  7226 | D        | Found Ruorhugo's Weapon Emporium.
  7226 | D        | Found Zemuuroh's Book Boutique.
  7243 | D        | Bought 3 scrolls of magic mapping for 105 gold pieces
  7244 | D        | Bought a scroll of identify for 20 gold pieces
  7244 | D        | Bought a scroll of identify for 20 gold pieces
  7244 | D        | Bought a scroll of identify for 20 gold pieces
  7324 | D        | Noticed a yaktaur captain
  7324 | D        | Noticed a slime creature
  7324 | D        | Noticed a white ugly thing
  7325 | D        | Noticed a brown ugly thing
  7326 | D        | Killed a slime creature
  7327 | D        | Killed a white ugly thing
  7327 | D        | Reached skill level 10 in Charms
  7331 | D        | Killed a brown ugly thing
  7408 | D        | Killed a yaktaur captain
  7522 | D        | Killed a yaktaur
  7637 | D        | Noticed a skeletal warrior
  7638 | D        | Noticed an iron golem
  7639 | D        | Killed a skeletal warrior
  7640 | D        | Killed an iron golem
  7657 | D        | Noticed a necromancer
  7659 | D        | Killed a necromancer
  7681 | D        | Noticed a hell knight
  7681 | D        | Noticed a hell knight
  7682 | D        | Noticed a hell knight
  7682 | D        | Noticed a hell knight
  7683 | D        | Killed a hell knight
  7684 | D        | Killed a hell knight
  7686 | D        | Killed a hell knight
  7687 | D        | Killed a hell knight
  7700 | D        | Noticed a lich
  7702 | D        | Killed a lich
  7702 | D        | Reached XP level 14. HP: 59/59 MP: 36/41
  7867 | D        | Noticed a guardian mummy
  7868 | D        | Noticed a mummy priest
  7868 | D        | Noticed a sphinx
  7868 | D        | Noticed a sphinx
  7870 | D        | Killed a mummy priest
  8042 | D        | Killed a sphinx
  8042 | D        | Reached skill level 23 in Stealth
  8043 | D        | Killed a sphinx
  8044 | D        | Killed a guardian mummy
  8063 | D        | Noticed a guardian mummy
  8064 | D        | Noticed a mummy priest
  8064 | D        | Noticed a guardian mummy
  8065 | D        | Killed a guardian mummy
  8065 | D        | Reached skill level 10 in Ice Magic
  8066 | D        | Killed a guardian mummy
  8149 | D        | Killed a mummy priest
  8409 | D        | Noticed a guardian mummy
  8411 | D        | Noticed a guardian mummy
  8412 | D        | Killed a guardian mummy
  8415 | D        | Killed a guardian mummy
  8435 | D        | Gained mutation: You expend magic power (3 MP) to strengthen your wands. [a Zot trap]
  8435 | D        | Noticed a mummy priest
  8435 | D        | Noticed a guardian mummy
  8437 | D        | Killed a guardian mummy
  8439 | D        | Killed a mummy priest
  8992 | D        | Learned a level 6 spell: Dispersal
  9000 | D        | Learned a level 7 spell: Controlled Blink
  9109 | D        | Noticed a deep elf priest
  9109 | D        | Noticed a deep elf priest
  9109 | D        | Noticed a deep elf summoner
  9109 | D        | Noticed a deep elf priest
  9109 | D        | Noticed a deep elf summoner
  9131 | D        | Killed a deep elf priest
  9138 | D        | Killed a deep elf summoner
  9148 | D        | Killed a deep elf summoner
  9189 | D        | Killed a deep elf priest
  9251 | D        | Killed a deep elf priest
  9279 | D        | Noticed a deep elf demonologist
  9430 | D        | Noticed a deep elf conjurer
  9430 | D        | Noticed a deep elf demonologist
  9430 | D        | Noticed a deep elf annihilator
  9430 | D        | Noticed a deep elf death mage
  9431 | D        | Noticed a deep elf death mage
  9432 | D        | Killed a deep elf conjurer
  9434 | D        | Noticed a deep elf master archer
  9437 | D        | Killed a deep elf demonologist
  9616 | D        | Killed a deep elf annihilator
  9616 | D        | Reached skill level 15 in Translocations
  9617 | D        | Noticed an Executioner
  9799 | D        | Killed a deep elf death mage
 10213 | D        | Killed a deep elf master archer
 10322 | D        | Killed a deep elf death mage
 10390 | D        | Killed a ghostly deep elf death mage
 10390 | D        | Reached skill level 24 in Stealth
 10397 | D        | Killed a deep elf demonologist
 10415 | D        | Got a polished rapier
 10424 | D        | Got a flickering bone ring
 10428 | D        | Identified the Collected Works on Ghastly Changing
 10527 | D        | Identified the +4 rapier of the Skies Above {pierce, rPois} (You took it off a deep elf death mage in the Dungeon)
 10547 | D        | Identified the ring of the Messenger {Ice SInv} (You found it in the Dungeon)
 10862 | D        | Noticed a yaktaur
 10862 | D        | Noticed a yaktaur captain
 10862 | D        | Noticed a yaktaur captain
 10863 | D        | Noticed a yaktaur captain
 10864 | D        | Killed a yaktaur
 10864 | D        | Reached skill level 10 in Summonings
 10880 | D        | Noticed Azrael
 10882 | D        | Killed Azrael
 10899 | D        | Killed a yaktaur captain
 11390 | D        | Slain by an azure jelly

Vault maps used:
D:        dungeon_sprint_mu

Action                   |  1- 3 |  4- 6 |  7- 9 | 10-12 | 13-15 || total
-------------------------+-------+-------+-------+-------+-------++-------
Melee: Dagger            |    15 |    17 |    46 |   391 |   240 ||   709
       Rapier            |       |       |       |       |   299 ||   299
 Cast: Corona            |     1 |       |       |       |       ||     1
       Ensorcelled Hiber |       |     1 |    45 |    27 |     9 ||    82
       Dazzling Spray    |       |    12 |     7 |    61 |   104 ||   184
       Force Lance       |       |       |     1 |       |     1 ||     2
       Confuse           |       |       |       |     5 |     6 ||    11
       Phase Shift       |       |       |       |     2 |     2 ||     4
       Warp Weapon       |       |       |       |     1 |       ||     1
       Tukima's Dance    |       |       |       |       |     5 ||     5
       Controlled Blink  |       |       |       |       |     6 ||     6
Invok: Shadow Step       |       |       |     4 |    14 |    15 ||    33
  Use: Scroll            |       |     6 |       |       |     7 ||    13
       Potion            |       |     4 |       |       |     6 ||    10
 Stab: Sleeping          |     2 |     6 |    36 |    41 |    43 ||   128
       Invisible         |       |       |     1 |     7 |    12 ||    20
       Confused          |       |       |       |       |     4 ||     4
  Eat: Royal jelly       |       |       |     1 |       |       ||     1
       Bread ration      |       |       |       |     1 |     1 ||     2
       Fruit             |       |       |       |       |     9 ||     9
